Description

The popular TvZ 5 min STIM double medivac with SALT encoding:

Further Ressources:

https://terrancraft.com/2016/05/24/tvz-double-medivac-stim/

https://terrancraft.com/2016/06/23/tvz-double-medivac-stim-part-2/

https://terrancraft.com/2016/07/30/tvz-double-medivac-stim-part-3/

VOD

https://www.youtube.com/watch?v=TIfAA7atsqI&feature=youtu.be&t=89

Build Order

Get SALT Encoding   

  14  0:18  Supply Depot  
  16  0:40  Barracks  
  16  0:45  Refinery  
  19  1:29  Reaper, Orbital Command  
  20  1:41  Command Center  
  20  1:51  Barracks  
  21  2:01  Barracks Reactor  
  21  2:06  Supply Depot  
  22  2:14  Refinery  
  24  2:34  Factory  
  24  2:37  Marine x2  
  26  2:39  Barracks Tech Lab  
  27  2:54  Orbital Command  
  27  2:57  Marine x3  
  31  3:07  Stimpack  
  31  3:16  Marine x3  
  36  3:27  Starport  
  36  3:34  Factory Reactor  
  36  3:37  Marine x3  
  39  3:40  Supply Depot  
  41  3:45  Supply Depot  
  41  3:57  Marine x3  
  47  4:16  Medivac x2  @ 4:10 Starport to Factory reactor
  51  4:17  Marine x3  
  54  4:18  Supply Depot  
  57  4:26  Engineering Bay  Use to walloff natural
  58  4:34  Supply Depot  
  58  4:35  Marine x3  
  63  4:40  Supply Depot  
  65  4:50  Marine x3  Medivacs done
  73  5:06  Supply Depot  STIM done
Spawning Tool Build Advisor. Get it on Overwolf

Go to:

Details

  • Created by: darkhorse
  • Published on: Jul 31, 2016
  • Modified on: Aug 02, 2016
  • Patch: Pre-3.8.0
Show
View Real Time Build Order
Export as new Build Order

Comments (0)

There are no comments. Be the first!

Create an account to comment!